 Dungeon Crawl Stone Soup version 0.31.0-9-g3a7656b989 (webtiles) character file.

Game seed: 17363968545510416661

433 qw the Skirmisher (level 6, -1/35 HPs)
             Began as a Deep Elf Hunter on Feb 2, 2024.
             Killed from afar by Pikel (4 damage)
             ... with a puff of flame
             ... on level 4 of the Dungeon.
             The game lasted 00:00:14 (2334 turns).

qw the Skirmisher (Deep Elf Hunter)                 Turns: 2334, Time: 00:00:15

Health: -1/35      AC:  6    Str: 10    XL:     6   Next: 67%
Magic:  8/8        EV: 11    Int: 14    God:
Gold:   96         SH:  4    Dex: 18    Spells: 5/5 levels left

rFire   . . .        a - +0 shortbow
rCold   . . .        (shield currently unavailable)
rNeg    . . .        e - +0 ring mail
rPois   .            (helmet restricted)
rElec   .            d - +0 cloak
rCorr   .            (no gloves)
SInv    .            (no boots)
Will    .....        g - amulet of regeneration
Stlth   +            (no ring)
HPRegen 1.05/turn    (no ring)
MPRegen 0.11/turn

%: no passive effects
@: about to teleport
A: horns 1, large bone plates 1, subdued magic 1
a: no special abilities


You were on level 4 of the Dungeon.
You visited 1 branch of the dungeon, and saw 4 of its levels.
You also visited: Sewer.

You collected 166 gold pieces.
You spent 70 gold pieces at shops.


Innate Abilities, Weirdness & Mutations

You have a pair of small horns on your head.
You are partially covered in large bone plates. (SH +4)
Your spells are a little easier to cast, but a little less powerful.


   Skills:
 - Level 2.0 Fighting
 - Level 10.0 Ranged Weapons
 + Level 0.0 Armour
 - Level 3.4 Dodging
 - Level 1.2 Stealth


You had 5 spell levels left.
You didn't know any spells.
Your spell library was empty.

Inventory:

Hand Weapons
 a - a +0 shortbow (weapon)
Armour
 d - a +0 cloak (worn)
 e - a +0 ring mail (worn)
Jewellery
 g - an amulet of regeneration (around neck)
Potions
 b - a potion of might
 c - a potion of mutation
 f - a potion of heal wounds
 h - a potion of brilliance {unknown}
 i - a potion of enlightenment {unknown}

Dungeon Overview and Level Annotations

Branches:
Dungeon (4/15)              Sewer (visited)
 Temple: D:4-7

Altars:
Cheibriados
Dithmenos
Trog
Yredelemnul
The Shining One

Shops:
D:1 :   D:3 *

Annotations:
D:4 1 runed translucent door, Pikel


Message History

Pikel barely misses you.
You shoot an arrow. The arrow misses Pikel.
The arrow hits the lemure.
The lemure is lightly wounded.
Pikel hits you with a +1 whip of freezing.
Pikel freezes you.
You shoot an arrow. The arrow closely misses Pikel.
The arrow hits the lemure.
The lemure is moderately wounded.
You block Pikel's attack.
You shoot an arrow. The arrow hits Pikel!
Pikel is moderately wounded.
You block Pikel's attack.
You shoot an arrow. The arrow closely misses Pikel.
The arrow hits the lemure.
The lemure is heavily wounded.
Pikel zaps a wand.
The puff of flame hits you.
You shoot an arrow. The arrow misses Pikel.
The arrow hits the lemure but does no damage.
The lemure is heavily wounded.
Pikel hits you with a +1 whip of freezing.
Pikel freezes you.
You shoot an arrow. The arrow closely misses Pikel.
The arrow hits the lemure.
The lemure is heavily wounded.
Pikel misses you.
You shoot an arrow.
The arrow hits Pikel but does no damage.
Pikel is moderately wounded.
Pikel barely misses you.
You shoot an arrow. The arrow barely misses Pikel.
The arrow closely misses the lemure.
Pikel zaps a wand.
You block the puff of flame.
You shoot an arrow. The arrow barely misses Pikel.
The arrow hits the lemure.
The lemure is severely wounded.
Pikel zaps a wand.
The puff of flame hits you!
Pikel hits you with a +1 whip of freezing.
Pikel freezes you.
2334 ||| READING scroll of teleportation.
As you read the scroll of teleportation, it crumbles to dust.
You feel strangely unstable.
Pikel zaps a wand.
The puff of flame hits you.
You die...
Pikel says, "Another soul for the market."

.77~~~P.. #.......##.....####
.. ~~....
##.......######..... P. ~.P..
#.........# ######
......#####....[....# ## #
.P.......%..........# ..# #
........#..>..#.....# ._.#
....5.K...........####...####
###...#####.###....8.#####.8#
#... #5K@..............# #...
#####.###...#+#...# #.. #.#
#...#p#...# #.K
#.###...###...#
#.............#
....######.......# #
######.### #.... #####


You could see Pikel and a lemure.

Vanquished Creatures
  A kobold brigand (Sewer)
  A scorpion (D:4)
  A jelly (D:4)
  A hound (D:4)
  2 orc wizards (D:3)
  4 gnolls (D:3)
  6 adders
  3 dart slugs
  A ribbon worm (D:3)
  6 orcs (D:3)
  8 endoplasms
  6 giant cockroaches
  6 goblins
  9 hobgoblins
  5 quokkas
  7 ball pythons
  5 bats
  4 frilled lizards
  A goblin zombie (D:4)
  15 kobolds
  7 rats
99 creatures vanquished.

Notes
Turn   | Place    | Note
-------+----------+-------------------------------------------
     0 | D:1      | qw the Deep Elf Hunter began the quest for the Orb.
     0 | D:1      | Reached XP level 1. HP: 12/12 MP: 3/3
     0 | D:1      | 0 ||| qw: Version: 0.3-a-155-g5e7d8dd
     0 | D:1      | 0 ||| qw: Game counter: 241
     0 | D:1      | 0 ||| qw: Melee chars always use a shield: true
     0 | D:1      | 0 ||| qw: God list: Okawaru
     0 | D:1      | 0 ||| qw: Allow faded altars: false
     0 | D:1      | 0 ||| qw: Do Orc after clearing Dungeon:15 true
     0 | D:1      | 0 ||| qw: Do second Lair branch before Depths: true
     0 | D:1      | 0 ||| qw: Lair rune preference: random
     0 | D:1      | 0 ||| qw: Goals: Normal
     0 | D:1      | 0 ||| PLANNING D:1-11
    39 | D:1      | Found Huoceupa's Book Shoppe.
   102 | D:1      | Reached XP level 2. HP: 16/16 MP: 4/4
   113 | D:1      | Reached skill level 6 in Ranged Weapons
   350 | D:1      | 350 ||| UPGRADING to +0 cloak.
   355 | D:1      | 355 ||| UPGRADING to +0 ring mail.
   365 | D:1      | 365 ||| DROPPING +0 leather armour.
   366 | D:1      | 366 ||| UPGRADING to amulet of regeneration.
   371 | D:1      | 371 ||| READING scroll labelled JUUCOO FUCWY.
   372 | D:1      | 372 ||| READING scroll labelled ERYSIE DAOLISH.
   377 | D:1      | 377 ||| DROPPING scroll of butterflies.
   406 | D:2      | Found a glowing golden altar of the Shining One.
   414 | D:2      | 414 ||| STAIRDANCE
   421 | D:2      | 421 ||| STAIRDANCE
   427 | D:1      | Reached XP level 3. HP: 18/20 MP: 5/5
   602 | D:2      | Reached skill level 7 in Ranged Weapons
   818 | D:2      | 818 ||| READING 2 scrolls labelled TEAMOY CONGITT.
   818 | D:2      | 818 ||| IDENTIFYING metallic red potion
   819 | D:2      | 819 ||| READING scroll of identify.
   819 | D:2      | 819 ||| IDENTIFYING puce potion
   820 | D:2      | 820 ||| READING scroll labelled EDOMIA OGAI.
   821 | D:2      | 821 ||| DRINKING 2 purple potions.
   822 | D:2      | 822 ||| DROPPING potion of ambrosia.
   823 | D:2      | 823 ||| DROPPING potion of degeneration.
   834 | D:3      | 834 ||| PLANNING SEWER
   840 | D:3      | Found a shadowy altar of Dithmenos.
   904 | D:3      | Found a snail-covered altar of Cheibriados.
   999 | D:3      | Reached XP level 4. HP: 25/25 MP: 6/6
  1089 | D:3      | 1089 ||| FLEEEEING.
  1090 | D:3      | 1090 ||| FLEEEEING.
  1091 | D:3      | 1091 ||| FLEEEEING.
  1092 | D:3      | 1092 ||| FLEEEEING.
  1093 | D:3      | 1093 ||| DRINKING potion of curing.
  1093 | D:3      | 1093 ||| (to cure confusion)
  1165 | D:3      | Reached skill level 8 in Ranged Weapons
  1221 | D:3      | Reached XP level 5. HP: 27/29 MP: 7/7
  1298 | D:3      | Found a glowing drain.
  1315 | Sewer    | Entered a sewer
  1494 | Sewer    | Reached skill level 9 in Ranged Weapons
  1561 | Sewer    | 1561 ||| READING scroll of identify.
  1561 | Sewer    | 1561 ||| IDENTIFYING viscous cyan potion
  1562 | Sewer    | 1562 ||| READING scroll labelled YNGAUP HUOLA.
  1563 | Sewer    | 1563 ||| DRINKING 2 fizzy golden potions.
  1563 | Sewer    | Gained mutation: You have a pair of small horns on your
                  | head. [potion of mutation]
  1563 | Sewer    | Gained mutation: Your spells are a little easier to cast,
                  | but a little less powerful. [potion of mutation]
  1563 | Sewer    | Gained mutation: You are partially covered in large bone
                  | plates. (SH +4) [potion of mutation]
  1578 | D:3      | 1578 ||| PLANNING D:1-11
  1667 | D:3      | Reached XP level 6. HP: 14/35 MP: 8/8
  1669 | D:3      | 1669 ||| FLEEEEING.
  1670 | D:3      | 1670 ||| FLEEEEING.
  1671 | D:3      | 1671 ||| FLEEEEING.
  1672 | D:3      | 1672 ||| FLEEEEING.
  1673 | D:3      | 1673 ||| FLEEEEING.
  1980 | D:3      | Found Ziafer's General Store.
  1984 | D:3      | 1984 ||| SHOPLISTING scroll of acquirement (728 gold, have
                  | 149).
  1984 | D:3      | 1984 ||| BUYING scroll of identify (28 gold).
  1984 | D:3      | Bought a scroll of identify for 28 gold pieces
  1984 | D:3      | 1984 ||| BUYING scroll of teleportation (42 gold).
  1984 | D:3      | Bought a scroll of teleportation for 42 gold pieces
  1991 | D:3      | 1991 ||| READING scroll of identify.
  1991 | D:3      | 1991 ||| IDENTIFYING green potion
  1992 | D:3      | 1992 ||| READING scroll labelled XYUBLU PEPH.
  2108 | D:4      | Found a bloodstained altar of Trog.
  2193 | D:4      | Found a runed translucent door.
  2193 | D:4      | Noticed a human
  2200 | D:4      | Found a basalt altar of Yredelemnul.
  2236 | D:4      | Reached skill level 10 in Ranged Weapons
  2288 | D:4      | Reached skill level 3 in Dodging
  2307 | D:4      | Noticed Pikel
  2308 | D:4      | 2308 ||| RETREEEEATING.
  2310 | D:4      | 2310 ||| RETREEEEATING.
  2312 | D:4      | 2312 ||| RETREEEEATING.
  2313 | D:4      | 2313 ||| RETREEEEATING.
  2314 | D:4      | 2314 ||| RETREEEEATING.
  2317 | D:4      | 2317 ||| RETREEEEATING.
  2333 | D:4      | HP: 8/35 [Pikel/puff of flame (7)]
  2333 | D:4      | HP: 2/35 [Pikel/+1 whip of freezing (2)]
  2334 | D:4      | 2334 ||| READING scroll of teleportation.
  2334 | D:4      | Killed from afar by Pikel

Levels and vault maps discovered:
D:1:      dreamdust_arrival_sigmund_warning, layout_rooms, serial_shops, shop
D:2:      minmay_evil_eye, layout_rooms, basic_altar
D:3:      layout_loops_ring, nicolae_dithmenos_shadow_blocks,
          mainiacjoe_overflow_small_starburst, serial_shops,
          nicolae_shop_behind_doors, gup_sewer_entry_bubbles,
          minmay_misc_feat_rugged, kennysheep_decorative_pillar,
          roderic_roman_lattice, amcnicky_mini_corridor_feature
D:4:      layout_loops_cross, bloody_trog, dk_yredelemnul_ordeal, serial_shops,
          nicolae_shop_tiny_glass, serial_bayou_pond_a, uniq_sigmund, uniq_pikel

Skill      XL: |  1  2  3  4  5  6 |
---------------+-------------------+-----
Ranged Weapons | 6 7 8 9 10 | 10.0
Fighting       | 2 |  2.0
Dodging        | 3 |  3.4
Stealth        | |  1.2

Action                     |  1- 3 |  4- 6 || total
---------------------------+-------+-------++-------
   Fire: Shortbow          |   106 |   223 ||   329
    Use: Scroll            |     5 |     5 ||    10
         Potion            |     1 |     2 ||     3
 Armour: Leather armour    |     5 |       ||     5
         Ring mail         |    16 |    75 ||    91
  Dodge: Dodged            |    31 |    48 ||    79
  Block: Other             |       |     6 ||     6

Table legend:
 A = Non-vault XP
 B = Vault XP
 C = Vault XP percentage of total XP
 D = Non-vault monster count
 E = Vault monster count
 F = Vault count percentage of total count
                 A         B        C        D         E       F
            +---------+---------+-------+---------+---------+-------
      Total |     455 |     164 |  26.5 |      68 |      31 |  31.3
            +---------+---------+-------+---------+---------+-------
        D:1 |      41 |       0 |   0.0 |      18 |       0 |   0.0
        D:2 |      45 |       3 |   6.2 |      16 |       2 |  11.1
        D:3 |     172 |      27 |  13.6 |      24 |       8 |  25.0
        D:4 |     197 |       1 |   0.5 |      10 |       1 |   9.1
      Sewer |       0 |     133 | 100.0 |       0 |      20 | 100.0
            +---------+---------+-------+---------+---------+-------
